 Dungeon Crawl Stone Soup version 0.29.1-2-gbd0b4ee654 (webtiles) character file.

Game seed: 16638622257945091554

279 kingsuperguy the Ducker (level 6, -6/62 HPs)
             Began as a Troll Monk on Nov 15, 2022.
             Mangled by a killer bee (8 damage)
             ... on level 7 of the Dungeon.
             The game lasted 00:13:09 (2789 turns).

kingsuperguy the Ducker (Troll Monk)                Turns: 2789, Time: 00:13:09

Health: -6/62      AC:  4    Str: 22    XL:     6   Next: 5%
Magic:  5/5        EV: 11    Int:  6    God:
Gold:   139        SH:  0    Dex: 12    Spells: 5/5 levels left

rFire   . . .      SeeInvis .   o - +0 dagger (drain)
rCold   . . .      Faith    .   (no shield)
rNeg    . . .      Spirit   .   b - +0 robe
rPois   .          Reflect  .   (helmet restricted)
rElec   .          Harm     .   (no cloak)
rCorr   .          Rampage  .   (gloves unavailable)
Will    .....                   (boots unavailable)
Stlth   ++........              (no amulet)
HPRegen 1.00/turn               (no ring)
MPRegen 0.09/turn               (no ring)

@: lethally poisoned (-6 -> -7)
A: large, unfitting armour, claws 3, regeneration 1, shaggy fur 1, tough skin 1
a: no special abilities


You were on level 7 of the Dungeon.
You visited 1 branch of the dungeon, and saw 8 of its levels.

You collected 139 gold pieces.

Inventory:

Hand Weapons
 a - a +0 mace
 l - a +1 vorpal spear
 o - a +0 dagger of draining (weapon)
 p - a +0 sling
Missiles
 f - 26 stones (quivered)
Armour
 b - a +0 robe (worn)
Scrolls
 d - a scroll of identify
 q - a scroll of immolation
Potions
 g - a potion of ambrosia
 h - a potion of attraction
 j - a potion of curing


   Skills:
 * Level 3.7 Fighting
 * Level 2.0 Short Blades
 - Level 3.3 Maces & Flails
 + Level 3.9 Dodging
 - Level 1.0 Stealth


You had 5 spell levels left.
You didn't know any spells.
Your spell library contained the following spells:

 Spells                   Type           Power      Damage    Failure   Level
 Chain Lightning          Conj/Air       0%         N/A       100%        9
 Fire Storm               Conj/Fire      0%         5d1       100%        9
 Shatter                  Erth           0%         3d5*      100%        9


Dungeon Overview and Level Annotations

Branches:
Dungeon (8/15)
 Temple: D:4-7         Lair: D:8-11

Altars:
Elyvilon
Gozag
Makhleb
Nemelex Xobeh
Okawaru
Vehumet
The Shining One

Annotations:
D:7 Joseph


Innate Abilities, Weirdness & Mutations

You are too large for most types of armour.
You have claws for hands.
Your natural rate of healing is unusually fast.
You are covered in fur. (AC +1)
You have tough skin. (AC +1)


Message History

The black bear closely misses you.
A kobold comes into view. It is wielding a +0 dagger.
The killer bee closely misses you. The kobold hits you with a +0 dagger.
* * * LOW HITPOINT WARNING * * *
The kobold barely misses you.
Okay, then.
It was a potion of cancellation.
Your magical effects are unravelling.
You feel magically purged.
You feel yourself speed up.
You feel your willpower return.
You feel sick. The killer bee barely misses you.
Joseph shoots a sling bullet.
The sling bullet hits your shadow imp!
Your shadow imp dies!
Your shadow imp dissolves into shadows!
The killer bee misses you. The killer bee stings you.
* * * LOW HITPOINT WARNING * * *
The kobold hits you but does no damage.
The black bear bites you but does no damage.
The black bear claws you but does no damage.
The black bear barely misses you.
Your water moccasin barely misses the black bear.
The killer bee stings you.
* * * LOW HITPOINT WARNING * * *
The killer bee barely misses you.
You feel better. The killer bee barely misses you. The killer bee stings you!
* * * LOW HITPOINT WARNING * * *
You are poisoned.
The killer bee poisons you!
Your water moccasin bites the black bear!
The kobold closely misses you. The black bear bites you.
* * * LOW HITPOINT WARNING * * *
The black bear claws you but does no damage.
The black bear closely misses you. The killer bee barely misses you.
The killer bee stings you!
* * * LOW HITPOINT WARNING * * *
Okay, then.
It was a potion of magic.
Magic courses through your body.
* * * LOW HITPOINT WARNING * * *
You feel sick. The killer bee stings you!
You die...

............##?.
#..................
...................#
....................#
....................
#......##.........#
#..........Kh@..##
##.........KKhK...#
##..........##@S..##
............#y.y.##
......(.............
.......>..K###.....#.!
...........# ##...##
..........## #...
.##.....#... [...
###..##.... ....# #..
#...#..


You could see Joseph, a black bear (ally target), a kobold brigand, a hound, 2
killer bees, 4 kobolds and a friendly water moccasin (summoned).

Vanquished Creatures
  An orc priest (D:4)
  3 hounds
  Jessica (D:2)
  Robin (D:2)
  3 gnolls (D:4)
  3 adders (D:2)
  A worm (D:4)
  3 dart slugs
  3 orcs
  4 ball pythons
  2 endoplasms (D:1)
  3 giant cockroaches
  5 hobgoblins
  7 jackals
  3 quokkas
  4 bats
  A frilled lizard (D:2)
  9 goblins
  A kobold (D:1)
  2 rats
60 creatures vanquished.

Notes
Turn   | Place    | Note
-------+----------+-------------------------------------------
     0 | D:1      | kingsuperguy the Troll Monk began the quest for the Orb.
     0 | D:1      | Reached XP level 1. HP: 22/22 MP: 0/0
   132 | D:1      | Reached XP level 2. HP: 29/29 MP: 1/1
   519 | D:1      | Reached XP level 3. HP: 36/36 MP: 2/2
  1339 | D:2      | Noticed Jessica
  1360 | D:2      | Killed Jessica
  1361 | D:2      | Reached XP level 4. HP: 37/45 MP: 3/3
  1381 | D:2      | Found Avelihej's Magic Scroll Shoppe.
  1509 | D:2      | Found a faded altar of an unknown god.
  1568 | D:2      | Reached skill level 1 in Short Blades
  1632 | D:2      | Noticed Robin
  1679 | D:2      | Killed Robin
  1914 | D:3      | Found an iron altar of Okawaru.
  1918 | D:3      | Found a glowing golden altar of the Shining One.
  1918 | D:3      | Found a burning altar of Makhleb.
  1919 | D:3      | Found a sparkling altar of Nemelex Xobeh.
  1919 | D:3      | Found an opulent altar of Gozag.
  1921 | D:3      | Found a white marble altar of Elyvilon.
  1921 | D:3      | Found a radiant altar of Vehumet.
  1964 | D:4      | Reached XP level 5. HP: 44/53 MP: 4/4
  2404 | D:5      | Entered Level 5 of the Dungeon
  2404 | D:5      | Noticed a centaur
  2688 | D:6      | Noticed a yak
  2688 | D:6      | Noticed a yak
  2688 | D:6      | Noticed a yak
  2688 | D:6      | Noticed a yak
  2688 | D:6      | Noticed a yak
  2709 | D:6      | Noticed a centaur
  2740 | D:7      | Reached XP level 6. HP: 62/62 MP: 5/5
  2759 | D:7      | Noticed a water moccasin
  2769 | D:8      | Noticed a water moccasin
  2782 | D:7      | Noticed Joseph
  2788 | D:7      | HP: 3/62 [killer bee (7)]
  2789 | D:7      | Mangled by a killer bee

Illustrated notes

Levels and vault maps discovered:
D:1:      shiori_shiawase, layout_basic
D:2:      layout_basic, serial_shops, shop_fountains, basic_ecumenical_altar,
          minivault_26, uniq_robin, uniq_jessica
D:3:      layout_rooms, grunt_temple_overflow_open
D:4:      layout_gridville
D:5:      minmay_razor_zed, layout_basic,
          nicolae_hepliaklqana_monster_ancestors, temple_green,
          patterned_corridor, uniq_eustachio
D:6:      layout_loops_ring, minmay_misc_feat_x, lightli_orcish_oven
D:7:      layout_cave_pools, serial_shops, shop, nicolae_benzene_ring,
          minmay_a_box_with_orc_wizards_in_it, uniq_joseph
D:8:      layout_gridville

Skill      XL: |  1  2  3  4  5 |
---------------+----------------+-----
Maces & Flails | 3 |  3.3
Fighting       | 3 |  3.7
Dodging        | 3 |  3.9
Short Blades   | 1 2 |  2.0
Stealth        | |  1.0

Action                   |  1- 3 |  4- 6 || total
-------------------------+-------+-------++-------
Melee: Mace              |    85 |       ||    85
       Punch             |     1 |     1 ||     2
       Dagger            |    30 |   194 ||   224
       Spear             |     5 |       ||     5
Throw: Stone             |       |     5 ||     5
  Use: Potion            |       |     9 ||     9
       Scroll            |       |     8 ||     8
 Stab: Sleeping          |     3 |     2 ||     5
Armor: Robe              |    53 |   110 ||   163
Dodge: Dodged            |    83 |   213 ||   296
